 Dungeon Crawl Stone Soup version 0.26-a0-651-gb41185065b (webtiles) character file.

Game seed: 1464476641845996869

16 looop the Ruffian (level 2, -5/23 HPs)
             Began as a Draconian Transmuter on Sept 29, 2020.
             Slain by Natasha (7 damage)
             ... on level 2 of the Dungeon.
             The game lasted 00:00:36 (733 turns).

looop the Ruffian (Draconian Transmuter)             Turns: 733, Time: 00:00:36

Health: -5/23      AC:  4    Str: 12    XL:     2   Next: 41%
Magic:  5/5        EV: 12    Int: 13    God:
Gold:   4          SH:  0    Dex: 11    Spells: 4/5 levels left

rFire    . . .     SeeInvis .     - Unarmed
rCold    . . .     Faith    .   (no shield)
rNeg     . . .     Spirit   .   (armour unavailable)
rPois    .         Reflect  .   (helmet restricted)
rElec    .         Harm     .   (no cloak)
rCorr    .         Rampage  .   (no gloves)
MR       .....                  (no boots)
Stlth    +.........             (no amulet)
HPRegen  0.07/turn              (no ring)
MPRegen  0.09/turn              (no ring)

@: lethally poisoned (-5 -> -13)
A: unfitting armour, cold-blooded, AC +4
a: no special abilities


You were on level 2 of the Dungeon.
You visited 1 branch of the dungeon, and saw 2 of its levels.

You collected 4 gold pieces.

Inventory:

Scrolls
 a - a scroll of random uselessness {unknown}
 b - a scroll of amnesia {unknown}
 c - a scroll of remove curse {unknown}


   Skills:
 + Level 1.6 Fighting
 - Level 1.7 Dodging
 * Level 3.4 Unarmed Combat
 - Level 2.0 Spellcasting
 + Level 2.3 Transmutations


You had 4 spell levels left.
You knew the following spells:

 Your Spells              Type           Power        Failure   Level
a - Beastly Appendage     Tmut           #.....       10%         1

Your spell library contained the following spells:

 Spells                   Type           Power        Failure   Level
 Wereblood                Tmut           #.......     16%         2
 Spider Form              Tmut/Pois      #.........   43%         3
 Ice Form                 Ice/Tmut       #.......     85%         4
 Blade Hands              Tmut           #.........   95%         5


Dungeon Overview and Level Annotations

Branches:
Dungeon (2/15)

Altars:

Annotations:
D:2 Natasha


Innate Abilities, Weirdness & Mutations

Your plain brown scales are hard. (AC +4)
You cannot fit into any form of body armour.
You are cold-blooded and may be slowed by cold attacks.


Message History

You aren't carrying any potions.
Natasha, Servant of Life and Death comes into view.
You feel sick.
Natasha hisses angrily.
* * * LOW HITPOINT WARNING * * *
You feel sick.
Found a scroll labeled CIFRODANGE.
You see here 19 gold pieces.
Found 9 bolts.
You closely miss Natasha.
Your tail-slap misses Natasha.
* * * LOW HITPOINT WARNING * * *
You feel sick.
Natasha stares at you and mumbles some strange words.
The magic dart hits you.
* * * LOW HITPOINT WARNING * * *
You hit Natasha.
Natasha is moderately wounded.
* * * LOW HITPOINT WARNING * * *
You feel sick. Natasha claws you!
You die...

#......#####
#<.........#
..###..........#
.........#......#
##.......#......###
#.........†.......
#..#...........#.
##....(##.$)...#.#
####..#..@....)..
#.....h...#..#
........#### .#
......... .
.........#.
........# ..?......
........(


You could see Natasha.

Vanquished Creatures
  An adder (D:2)
  A goblin (D:1)
  A hobgoblin (D:1)
  2 bats (D:1)
  A frilled lizard (D:1)
  2 kobolds (D:1)
8 creatures vanquished.

Notes
Turn   | Place    | Note
-------+----------+-------------------------------------------
     0 | D:1      | looop the Draconian Transmuter began the quest for the Orb.
     0 | D:1      | Reached XP level 1. HP: 16/16 MP: 3/3
   728 | D:2      | Reached XP level 2. HP: 9/23 MP: 5/5
   729 | D:2      | Noticed Natasha
   733 | D:2      | Slain by Natasha

Illustrated notes

Levels and vault maps discovered:
D:1:      scummos_arrival_forest, layout_basic
D:2:      layout_rooms, chequers_ecumenical_altar_lobes,
          wander_ebering_terrifying_dragon_lair, uniq_terence, uniq_natasha,
          uniq_jessica

Action                   || total
-------------------------++-------
Melee: Unarmed           ||    34
       Tailslap          ||     4
 Stab: Sleeping          ||     1
Armor: Skin              ||     9
Dodge: Dodged            ||    28

Table legend: (Time is in decaauts)
 A = Elapsed time spent in this place.
 B = Non-inter-level travel time spent in this place.
 C = Inter-level travel time spent in this place.
 D = Time resting spent in this place.
 E = Time spent auto-exploring this place.
 F = Levels seen in this place.
 G = Mean time per level.
                   A        B        C        D        E       F      G
               +--------+--------+--------+--------+--------+-----+--------+
         Total |    730 |    688 |     42 |      0 |    620 |   2 |  365.0 |
       Dungeon |    730 |    688 |     42 |      0 |    620 |   2 |  365.0 |
               +--------+--------+--------+--------+--------+-----+--------+

Top non-repeatable levels by time:
     D:1: 711 daAuts
     D:2: 19 daAuts
